 Dungeon Crawl Stone Soup version 0.30.0-17-ge0270778cf (webtiles) character file.

Game seed: 15832166040974051269

608 Irreverend the Stinger (level 7, -1/36 HPs)
             Began as a Deep Elf Venom Mage on May 23, 2023.
             Slain by an ice beast (7 damage)
             ... on level 5 of the Dungeon.
             The game lasted 00:12:11 (5530 turns).

Irreverend the Stinger (Deep Elf Venom Mage)        Turns: 5530, Time: 00:12:12

Health: -1/36      AC:  2    Str:  5    XL:     7   Next: 19%
Magic:  24/26      EV: 14    Int: 22    God:
Gold:   305        SH:  0    Dex: 15    Spells: 6/16 levels left

rFire   . . .        (no weapon)
rCold   . . .        (no shield)
rNeg    . . .        a - +0 robe
rPois   .            (no helmet)
rElec   .            (no cloak)
rCorr   .            (no gloves)
SInv    .            (no boots)
Will    .....        (no amulet)
Stlth   ++           h - ring of magical power
HPRegen 0.26/turn    (no ring)
MPRegen 0.20/turn

%: no passive effects
@: no status effects
A: no striking features
a: no special abilities


You were on level 5 of the Dungeon.
You visited 1 branch of the dungeon, and saw 5 of its levels.

You collected 305 gold pieces.

Inventory:

Armour
 a - a +0 robe (worn)
Jewellery
 h - a ring of magical power (left hand)
 s - a ring of protection from fire
Wands
 t - a wand of mindburst (14)
Scrolls
 b - a scroll of magic mapping {unknown}
 c - a scroll of amnesia {unknown}
 e - a scroll of poison {unknown}
 g - 3 scrolls of teleportation {unknown}
 i - 4 scrolls of enchant armour {unknown}
 l - 2 scrolls of fog {unknown}
 n - a scroll of noise {unknown}
 o - 2 scrolls of identify {unknown}
 q - a scroll of immolation {unknown}
Potions
 d - a potion of heal wounds {unknown}
 f - 2 potions of brilliance {unknown}
 j - 2 potions of mutation {unknown}
 k - 2 potions of flight {unknown}
 m - a potion of lignification {unknown}
 p - a potion of curing {unknown}
 r - a potion of invisibility {unknown}


   Skills:
 + Level 4.8 Dodging
 - Level 2.4 Stealth
 + Level 5.4 Spellcasting
 - Level 1.1 Transmutations
 + Level 2.7 Air Magic
 * Level 6.4 Poison Magic


You had 6 spell levels left.
You knew the following spells:

 Your Spells              Type           Power      Damage    Failure   Level
a - Sting                 Tmut/Pois      88%        1d7       1%          1
b - Poisonous Vapours     Pois/Air       52%        N/A       2%          2
c - Mephitic Cloud        Conj/Pois/Air  19%        N/A       9%          3
d - Olgreb's Toxic Radia  Pois           34%        N/A       7%          4

Your spell library contained the following spells:

 Spells                   Type           Power      Damage    Failure   Level
 Spider Form              Tmut/Pois      22%        N/A       6%          3
 Summon Small Mammal      Summ           20%        N/A       10%         1
 Ensorcelled Hibernation  Hex/Ice        10%        N/A       14%         2
 Call Canine Familiar     Summ           5%         N/A       28%         3
 Summon Guardian Golem    Hex/Summ       5%         N/A       28%         3
 Anguish                  Hex/Necr       2%         N/A       67%         4


Dungeon Overview and Level Annotations

Branches:
Dungeon (5/15)
 Temple: D:4-7

Altars:
Hepliaklqana
Qazlal


Message History

You can't see any susceptible monsters within range! (Use Z to cast anyway.)
A hound comes into view.
Casting: Sting (safe; 1% risk of failure)
Confirm with . or Enter, or press ? or * to list all spells.
Aiming: Sting (safe; 1% risk of failure)
Press: ? - help, Shift-Dir - straight line, f - ice beast
Aim: an ice beast (76% to hit)
The sting hits the ice beast but does no damage.
The ice beast is poisoned.
Casting: Sting (safe; 1% risk of failure)
Confirm with . or Enter, or press ? or * to list all spells.
Aiming: Sting (safe; 1% risk of failure)
Press: ? - help, Shift-Dir - straight line, f/p - ice beast
Aim: an ice beast (poisoned, 76% to hit)
The sting hits the ice beast.
The ice beast partially resists.
The ice beast is lightly wounded.
The ice beast attacks as you move away! The ice beast misses you.
Casting: Sting (safe; 1% risk of failure)
Confirm with . or Enter, or press ? or * to list all spells.
Aiming: Sting (safe; 1% risk of failure)
Press: ? - help, Shift-Dir - straight line, f/p - ice beast
Aim: an ice beast (lightly wounded, poisoned, 76% to hit)
The sting misses the ice beast.
The ice beast hits you. The ice beast freezes you!
Casting: Sting (safe; 1% risk of failure)
Confirm with . or Enter, or press ? or * to list all spells.
Aiming: Sting (safe; 1% risk of failure)
Press: ? - help, Shift-Dir - straight line, f/p - ice beast
Aim: an ice beast (lightly wounded, poisoned, 76% to hit)
The sting hits the ice beast but does no damage.
The ice beast looks even sicker.
The ice beast is lightly wounded.
The ice beast hits you but does no damage.
The ice beast attacks as you move away! The ice beast hits you.
The ice beast freezes you!
* * * LOW HITPOINT WARNING * * *
The ice beast attacks as you move away! The ice beast hits you.
* * * LOW HITPOINT WARNING * * *
The ice beast freezes you!
You die...

#< .. #.## #.# ####..##
.. ##......# ##.#
##.......# #..#
#........######.## .##
#.........##.....###
...##
#............###...##
.....## #...@.....####
###...
#.....####.Y.....## ###.
#.....##........#######
##
#......######..#....####
##..#### #..........##
##..## ##............
##..## #............)
######..##
#.............
##...#..##
##.............


You could see an ice beast (poisoned).

Vanquished Creatures
  An orc warrior (D:5)
  An ogre (D:4)
  A scorpion (D:4)
  A howler monkey (D:5)
  2 hounds (D:4)
  An iguana (D:5)
  Terence (D:3)
  Jessica (D:3)
  Natasha (twice) (D:3)
  2 gnolls
  4 adders
  An ufetubus (D:4)
  3 worms
  2 dart slugs
  4 orcs
  3 bats
  4 endoplasms
  4 giant cockroaches
  6 goblins
  6 hobgoblins
  5 jackals
  6 kobolds
  2 quokkas
  8 ball pythons
  4 frilled lizards
  4 rats
79 creatures vanquished.

Notes
Turn   | Place    | Note
-------+----------+-------------------------------------------
     0 | D:1      | Irreverend the Deep Elf Venom Mage began the quest for the
                  | Orb.
     0 | D:1      | Reached XP level 1. HP: 10/10 MP: 6/6
   270 | D:1      | Reached XP level 2. HP: 15/15 MP: 2/8
   861 | D:1      | Learned a level 2 spell: Poisonous Vapours
  1058 | D:2      | Reached skill level 4 in Poison Magic
  1310 | D:2      | Reached XP level 3. HP: 19/19 MP: 5/10
  2380 | D:2      | Learned a level 3 spell: Mephitic Cloud
  2605 | D:3      | Reached XP level 4. HP: 24/24 MP: 11/11
  2880 | D:3      | Noticed Natasha
  2888 | D:3      | Killed Natasha
  3191 | D:3      | Learned a level 4 spell: Olgreb's Toxic Radiance
  3201 | D:3      | Noticed Terence
  3214 | D:3      | Killed Terence
  3215 | D:3      | Reached skill level 1 in Air Magic
  3295 | D:3      | Noticed Jessica
  3304 | D:3      | Killed Jessica
  3305 | D:3      | Reached skill level 5 in Poison Magic
  3305 | D:3      | Reached XP level 5. HP: 28/28 MP: 13/13
  3465 | D:3      | Noticed Natasha
  3482 | D:3      | Killed Natasha
  3586 | D:3      | Found a faded altar of an unknown god.
  3635 | D:3      | Identified the +0 leather armour of Skepticism {Str+2}
  4007 | D:4      | Found a hazy altar of Hepliaklqana.
  4122 | D:4      | Reached XP level 6. HP: 23/32 MP: 14/14
  4378 | D:4      | Reached skill level 5 in Spellcasting
  4378 | D:4      | Reached skill level 6 in Poison Magic
  4892 | D:4      | Found a stormy altar of Qazlal.
  4894 | D:4      | Noticed a fire elemental
  4900 | D:4      | Noticed an air elemental
  4904 | D:4      | Noticed a water elemental
  5033 | D:5      | Entered Level 5 of the Dungeon
  5035 | D:5      | Noticed an orc warrior
  5055 | D:5      | Killed an orc warrior
  5056 | D:5      | Reached XP level 7. HP: 36/36 MP: 12/16
  5530 | D:5      | Slain by an ice beast

Illustrated notes

Levels and vault maps discovered:
D:1:      dpeg_cavernosity, layout_loops_ring, nicolae_titane
D:2:      layout_loops_ring, serial_forest, infiniplex_forest_end_2,
          infiniplex_forest_diagonal, infiniplex_forest_end_3,
          infiniplex_forest_pool, infiniplex_forest_straight_5
D:3:      layout_loops_corners, nicolae_overflow_hidden_temple,
          hellmonk_ecumenical_altar_crossroads, uniq_natasha, uniq_terence,
          uniq_jessica
D:4:      layout_loops_ring, nicolae_qazlal_style_of_elements,
          amcnicky_altar_gilded, minmay_close_crescents
D:5:      minmay_skewed_foursquare, layout_cave_pods,
          mainiacjoe_overflow_alcove_2

Skill      XL: |  1  2  3  4  5  6 |
---------------+-------------------+-----
Poison Magic   | 4 5 6 |  6.4
Dodging        | 3 4 |  4.8
Spellcasting   | 4 5 |  5.4
Air Magic      | 1 2 |  2.7
Stealth        | |  2.4
Transmutations | |  1.1

Action                     |  1- 3 |  4- 6 |  7- 9 || total
---------------------------+-------+-------+-------++-------
  Melee: Unarmed           |     8 |     3 |       ||    11
   Cast: Sting             |    34 |    26 |    12 ||    72
         Poisonous Vapours |    31 |    57 |     7 ||    95
         Mephitic Cloud    |       |     3 |       ||     3
    Use: Potion            |     1 |       |       ||     1
 Armour: Robe              |     7 |     6 |     1 ||    14
  Dodge: Dodged            |    28 |    20 |     2 ||    50
